 Dungeon Crawl Stone Soup version 0.30-a0-953-g5f1da4a474 (webtiles) character file.

Game seed: 7842055212004220050

16346 browni3141 the Covert (level 12, -2/86 HPs)
             Began as a Demonspawn Fire Elementalist on Mar 28, 2023.
             Was a Priest of Dithmenos.
             Slain by a minotaur
             ... wielding the +12 falchion of Qoacudim {holy, rPois rF- Str+3 SInv}
              (34 damage)
             ... in a Gauntlet.
             The game lasted 00:42:47 (14859 turns).

browni3141 the Covert (DsFE)                       Turns: 14859, Time: 00:42:47

Health: -2/86      AC: 12    Str: 11    XL:     12   Next: 9%
Magic:  21/21      EV: 12    Int: 20    God:    Dithmenos [***...]
Gold:   477        SH:  0    Dex: 17    Spells: 9/23 levels left

rFire   . . .      SeeInvis .    D - +4 mace "Dohisal" {venom, Fragile rElec Will+ rCorr}
rCold   . . .      Faith    .    (no shield)
rNeg    + . .      Spirit   .    a - +0 robe
rPois   +          Reflect  .    S - +1 helmet of Dohyaluwk {rN+ Dex+4}
rElec   +          Rampage  .    O - +0 cloak
rCorr   +          NoTele   +    (gloves unavailable)
Will    .....                    f - +0 pair of boots
Stlth   ++++++                   (no amulet)
HPRegen 0.34/turn                K - +4 ring of protection
MPRegen 0.17/turn                c - ring of poison resistance

@: weak-willed, wreathed by umbra
A: molten scales 1, demonic guardian 1, foul stench 2, demonic touch 3
a: Renounce Religion, Shadow Step


You were in a Gauntlet.
You worshipped Dithmenos.
Dithmenos was most pleased with you.
You visited 1 branch of the dungeon, and saw 11 of its levels.
You also visited: Sewer and Gauntlet.

You collected 1294 gold pieces.
You spent 817 gold pieces at shops.

Inventory:

Hand Weapons
 D - the +4 mace "Dohisal" (weapon) {venom, Fragile rElec Will+ rCorr}
   (You found it on level 7 of the Dungeon)

   rElec:     It insulates you from electricity.
   rCorr:     It protects you from acid and corrosion.
   Fragile:   It will be destroyed if unequipped.
   Will:      It increases your willpower.
Missiles
 m - a throwing net
Armour
 a - a +0 robe (worn)
 f - a +0 pair of boots (worn)
 o - a +1 hat
 O - a +0 cloak (worn)
 S - the +1 helmet of Dohyaluwk (worn) {rN+ Dex+4}
   (You found it in a Gauntlet)

   Dex:       It affects your dexterity (+4).
   rN:        It protects you from negative energy.
Jewellery
 c - a ring of poison resistance (right hand)
 C - a +4 ring of protection
 J - an amulet of guardian spirit
 K - a +4 ring of protection (left hand)
Wands
 s - a wand of mindburst (9)
 x - a wand of flame (15)
 P - a wand of polymorph (9)
Scrolls
 i - 13 scrolls of teleportation
 j - 2 scrolls of amnesia
 l - a scroll of vulnerability
 n - 4 scrolls of enchant armour
 p - a scroll of torment
 w - 2 scrolls of fog
 y - 2 scrolls of noise
 z - 2 scrolls of enchant weapon
 A - 2 scrolls of fear
 E - 2 scrolls of immolation
 F - 2 scrolls of poison
 G - 5 scrolls of blinking
 L - a scroll of acquirement
 Q - a scroll of magic mapping
Potions
 b - 3 potions of magic
 d - 2 potions of curing
 e - 4 potions of heal wounds
 g - 4 potions of brilliance
 h - 6 potions of might {unknown}
 k - 2 potions of degeneration {unknown}
 q - 4 potions of attraction
 r - 3 potions of mutation
 t - 5 potions of haste {unknown}
 u - a potion of cancellation {unknown}
 v - a potion of experience {unknown}
 B - 3 potions of lignification
 H - 2 potions of invisibility {unknown}
 I - a potion of ambrosia {unknown}
 M - a potion of resistance {unknown}
 R - a potion of flight {unknown}


   Skills:
 + Level 5.4 Fighting
 - Level 5.0 Maces & Flails
 - Level 2.0 Dodging
 - Level 10.1 Stealth
 - Level 5.0 Unarmed Combat
 - Level 6.0 Spellcasting
 - Level 6.0 Conjurations
 * Level 8.5 Fire Magic
 - Level 6.0 Invocations
 * Level 5.8 Evocations


You had 9 spell levels left.
You knew the following spells:

 Your Spells              Type           Power      Damage    Failure   Level
a - Foxfire               Conj/Fire      100%       2x1d6     1%          1
b - Scorch                Fire           80%        2d9       1%          2
c - Inner Flame           Hex/Fire       23%        N/A       5%          3
d - Flame Wave            Conj/Fire      35%        2d10      5%          4
e - Sticky Flame          Conj/Fire      35%        2d5       5%          4

Your spell library contained the following spells:

 Spells                   Type           Power      Damage    Failure   Level
 Hailstorm                Conj/Ice       18%        3d6       9%          3
 Kindle Blastsparks       Fire/Tloc/Air  34%        2d12      10%         3
 Freeze                   Ice            24%        1d4       11%         1
 Ensorcelled Hibernation  Hex/Ice        12%        N/A       16%         2
 Sublimation of Blood     Necr           6%         N/A       16%         2
 Frozen Ramparts          Ice            12%        1d2       30%         3
 Spider Form              Tmut/Pois      6%         N/A       30%         3
 Irradiate                Conj/Tmut      9%         3d14      63%         5
 Anguish                  Hex/Necr       3%         N/A       71%         4
 Cause Fear               Hex            3%         N/A       71%         4
 Ice Form                 Ice/Tmut       6%         N/A       71%         4
 Petrify                  Tmut/Erth      6%         N/A       71%         4
 Summon Ice Beast         Ice/Summ       6%         N/A       71%         4
 Discord                  Hex            3%         N/A       100%        8


Dungeon Overview and Level Annotations

Branches:
Dungeon (11/15)            Temple (0/1) D:7            Lair (0/5) D:9
    Orc (0/2) D:9           Sewer (visited)         Gauntlet (1/1)

Altars:
Ashenzari
Dithmenos
Fedhas
Gozag
Nemelex Xobeh
Trog
Xom
Yredelemnul

Shops:
D:7 (   D:10 *   D:11 **

Annotations:
D:5 2 transporters, oldplebian's ghost, amateur HOCA Gauntlet 16 runed translucent doors, 10 transporters


Innate Abilities, Weirdness & Mutations

You are partially covered in molten scales. (AC +2)
A weak demonic guardian rushes to your aid.
You sometimes emit foul miasma when damaged in melee.
Your touch may irresistibly damage your foes and sap their willpower.


Message History

The minotaur's mind is blasted!
The minotaur throws a javelin.
The javelin pierces through your ufetubus!!
Your ufetubus dies!
Your ufetubus disappears in a puff of smoke!
The javelin closely misses you.
Aiming: Mindburst
Press: ? - help, Shift-Dir - straight line, f/p - minotaur
Aim: a minotaur, wielding the +12 falchion of Qoacudim {holy, rPois rF- Str+3 SInv}, wearing +2 shadow dragon scales, wearing an amulet of guardian spirit and quivering javelins (lightly wounded, weak-willed, chance to affect: 62%)
The minotaur's mind is blasted!!!
Unknown command.
Aiming: Mindburst
Press: ? - help, Shift-Dir - straight line, f/p - minotaur
Aim: a minotaur, wielding the +12 falchion of Qoacudim {holy, rPois rF- Str+3 SInv}, wearing +2 shadow dragon scales, wearing an amulet of guardian spirit and quivering javelins (heavily wounded, weak-willed, umbra, chance to affect: 62%)
The minotaur resists with significant effort.
Aiming: Mindburst
Press: ? - help, Shift-Dir - straight line, f/p - minotaur
Aim: a minotaur, wielding the +12 falchion of Qoacudim {holy, rPois rF- Str+3 SInv}, wearing +2 shadow dragon scales, wearing an amulet of guardian spirit and quivering javelins (heavily wounded, weak-willed, umbra, chance to affect: 62%)
The minotaur resists with significant effort.
Aiming: Mindburst
Press: ? - help, Shift-Dir - straight line, f/p - minotaur
Aim: a minotaur, wielding the +12 falchion of Qoacudim {holy, rPois rF- Str+3 SInv}, wearing +2 shadow dragon scales, wearing an amulet of guardian spirit and quivering javelins (heavily wounded, weak-willed, umbra, chance to affect: 62%)
The minotaur resists with significant effort.
The minotaur hits you with the +12 falchion of Qoacudim {holy, rPois rF- Str+3 SInv}.
You convulse.
You emit a cloud of foul miasma!
The minotaur gores you!
Aiming: Mindburst
Press: ? - help, Shift-Dir - straight line, f/p - minotaur
Aim: a minotaur, wielding the +12 falchion of Qoacudim {holy, rPois rF- Str+3 SInv}, wearing +2 shadow dragon scales, wearing an amulet of guardian spirit and quivering javelins (foul pestilence, heavily wounded, weak-willed, umbra, chance to affect: 62%)
The minotaur resists with significant effort.
The minotaur is engulfed in dark miasma.
The minotaur seems to slow down.
The minotaur hits you with the +12 falchion of Qoacudim {holy, rPois rF- Str+3 SInv}!!
You convulse.
The minotaur closely misses you.
Aiming: Mindburst
Press: ? - help, Shift-Dir - straight line, f/p - minotaur
Aim: a minotaur, wielding the +12 falchion of Qoacudim {holy, rPois rF- Str+3 SInv}, wearing +2 shadow dragon scales, wearing an amulet of guardian spirit and quivering javelins (foul pestilence, severely wounded, slow, weak-willed, umbra, chance to affect: 62%)
The minotaur's mind is blasted!!
The minotaur is no longer moving slowly.
The minotaur attacks as you move away!
The minotaur hits you with the +12 falchion of Qoacudim {holy, rPois rF- Str+3 SInv}!!
You die...

##########.#########.#########
#8# #≈.§.............≈# #8 ##
#8.8.8.8.8.8.8.8.8# ##
#≈...............≈#
#####.###.###.#####
###.###.###.# #............
#.###.###.### #.###@###.###.
#.....H....... #######'######
... .### .. ∩≈ ≈≈≈ ###


You could see a minotaur (weak-willed).

Vanquished Creatures
  Gastronok (D:8)
  A great orb of eyes (Gauntlet)
  2 centaur warriors
  2 two-headed ogres
  Urug (D:10)
  Sonja (D:10)
  Pikel (D:8)
  2 ugly things (Gauntlet)
  An oklob plant (Gauntlet)
  A cyclops (D:11)
  An unseen horror (D:11)
  A queen bee (Gauntlet)
  A troll (D:11)
  2 hornets
  2 shadows
  A wyvern (D:9)
  11 yaks
  A steam dragon (D:9)
  4 acid dragons
  The ghost of Zonian the Insei, an amateur TeGl (D:4)
  Edmund (D:5)
  3 water moccasins
  2 sky beasts
  An ice beast (D:7)
  3 ogres
  5 centaurs
  2 phantoms
  6 kobold brigands
  4 bullfrogs
  A gnoll sergeant (D:7)
  3 scorpions
  7 wights
  15 killer bees
  3 howler monkeys
  5 jellies
  A gnoll bouda (D:6)
  A hound (D:4)
  6 orc priests
  A sleepcap (D:7)
  Ijyb (D:5)
  Terence (D:3)
  6 iguanas
  10 orc wizards
  11 gnolls
  8 adders
  A shadow imp (D:5)
  2 ufetubi
  3 worms
  A dart slug (D:4)
  30 orcs
  11 ball pythons
  10 bats
  9 endoplasms
  7 giant cockroaches
  8 goblins
  3 hobgoblins
  A jackal (D:5)
  4 quokkas
  A frilled lizard (D:2)
  2 goblin zombies (D:5)
  3 hobgoblin zombies (D:5)
  33 kobolds
  A kobold zombie (D:5)
  2 orc skeletons (D:5)
  An orc zombie (D:5)
  12 rats
290 creatures vanquished.

Vanquished Creatures (collateral kills)
  A two-headed ogre (D:9)
  A water moccasin (D:9)
  2 killer bees (D:9)
4 creatures vanquished.

Vanquished Creatures (others)
  655 foxfires
  4 plants (Sewer)
659 creatures vanquished.

Grand Total: 953 creatures vanquished

Notes
Turn   | Place    | Note
-------+----------+-------------------------------------------
     0 | D:1      | browni3141 the Demonspawn Fire Elementalist began the quest
                  | for the Orb.
     0 | D:1      | Reached XP level 1. HP: 13/13 MP: 3/3
   120 | D:1      | Reached skill level 1 in Fighting
   399 | D:1      | Reached skill level 2 in Stealth
   399 | D:1      | Gained mutation: You are partially covered in molten
                  | scales. (AC +2) [demonic ancestry]
   399 | D:1      | Reached XP level 2. HP: 21/21 MP: 1/5
   886 | D:2      | Found a faded altar of an unknown god.
   897 | D:1      | Learned a level 2 spell: Scorch
  1116 | D:2      | Reached XP level 3. HP: 26/26 MP: 2/6
  1120 | D:2      | Learned a level 3 spell: Inner Flame
  2371 | D:3      | Gained mutation: Your touch may inflict minor irresistible
                  | damage on your foes. [demonic ancestry]
  2371 | D:3      | Reached XP level 4. HP: 32/32 MP: 0/7
  2500 | D:3      | Found an opulent altar of Gozag.
  2545 | D:3      | Reached skill level 3 in Stealth
  2795 | D:3      | Gained mutation: Your touch may inflict irresistible damage
                  | on your foes. [demonic ancestry]
  2795 | D:3      | Reached XP level 5. HP: 37/37 MP: 1/9
  3081 | D:3      | Noticed Terence
  3088 | D:3      | Killed Terence
  3535 | D:4      | Reached skill level 1 in Unarmed Combat
  3719 | D:4      | Found a runed translucent gate.
  3821 | D:4      | Gained mutation: You may rarely emit foul miasma when
                  | damaged in melee. [demonic ancestry]
  3821 | D:4      | Reached XP level 6. HP: 30/43 MP: 6/10
  3842 | D:4      | Reached skill level 4 in Stealth
  4010 | D:4      | Found a basalt altar of Yredelemnul.
  4349 | D:4      | Found a runed translucent gate.
  4360 | D:4      | Found a runed translucent gate.
  4360 | D:4      | Noticed Zonian's ghost (amateur TeGl)
  4809 | D:4      | Killed Zonian's ghost
  4810 | D:4      | Reached XP level 7. HP: 45/48 MP: 5/11
  4901 | D:5      | Entered Level 5 of the Dungeon
  4980 | D:5      | Reached skill level 5 in Stealth
  5040 | D:5      | Found a shimmering altar of Xom.
  5104 | D:5      | Found a glowing drain.
  5141 | Sewer    | Entered a sewer
  5170 | Sewer    | Reached skill level 5 in Unarmed Combat
  5550 | D:5      | Reached skill level 6 in Stealth
  5550 | D:5      | Reached XP level 8. HP: 25/54 MP: 9/12
  5656 | D:5      | Noticed Ijyb
  5671 | D:5      | Killed Ijyb
  6061 | D:5      | Noticed oldplebian's ghost (amateur HOCA)
  6063 | D:5      | Found a transporter.
  6065 | D:5      | Found a transporter.
  6066 | D:5      | Noticed Edmund
  6074 | D:5      | Killed Edmund
  6091 | D:5      | Reached skill level 7 in Stealth
  6451 | D:6      | Identified a scroll of acquirement
  6453 | D:6      | Acquired 592 gold pieces
  6958 | D:6      | Found a shadowy altar of Dithmenos.
  6966 | D:6      | Became a worshipper of Dithmenos the Shadowed
  6989 | D:6      | Reached skill level 8 in Stealth
  7070 | D:6      | HP: 1/54 [sky beast (6)]
  7076 | D:6      | Reached skill level 9 in Stealth
  7629 | D:7      | Reached XP level 9. HP: 41/59 MP: 3/13
  7922 | D:7      | Reached skill level 10 in Stealth
  7978 | D:7      | Identified the +4 mace "Dohisal" {venom, Fragile rElec
                  | Will+ rCorr}
  8002 | D:7      | Reached skill level 1 in Invocations
  8014 | D:7      | Reached * piety under Dithmenos
  8015 | D:7      | Reached skill level 1 in Evocations
  8166 | D:7      | Reached skill level 1 in Maces & Flails
  8283 | D:7      | Found a staircase to the Ecumenical Temple.
  8323 | D:7      | Found a broken altar of Ashenzari.
  8438 | D:7      | Found Puqi's Weapon Emporium.
  8629 | D:7      | Found a blossoming altar of Fedhas.
  8777 | D:8      | Noticed Pikel
  8792 | D:8      | Killed Pikel
  8796 | D:7      | Reached skill level 5 in Invocations
  8954 | D:8      | Gained mutation: A weak demonic guardian rushes to your
                  | aid. [demonic ancestry]
  8954 | D:8      | Reached XP level 10. HP: 14/65 MP: 14/14
 10026 | D:8      | Reached skill level 5 in Evocations
 10036 | D:8      | Reached skill level 5 in Maces & Flails
 10239 | D:8      | Noticed Gastronok
 10543 | D:8      | Killed Gastronok
 10544 | D:8      | Reached skill level 5 in Fighting
 10860 | D:9      | Found a sparkling altar of Nemelex Xobeh.
 10882 | D:9      | Found a staircase to the Lair.
 11088 | D:9      | Found a staircase to the Orcish Mines.
 11103 | D:9      | Noticed a centaur warrior
 11115 | D:9      | Killed a centaur warrior
 11116 | D:9      | Reached skill level 5 in Fire Magic
 11214 | D:9      | HP: 3/74 [poisoned by a killer bee]
 11222 | D:9      | Reached ** piety under Dithmenos
 11223 | D:9      | Gained mutation: Your touch may irresistibly damage your
                  | foes and sap their willpower. [demonic ancestry]
 11223 | D:9      | Reached XP level 11. HP: 5/79 MP: 4/15
 11225 | D:9      | HP: 1/79 [killer bee (5)]
 11608 | D:9      | Noticed a two-headed ogre
 11626 | D:9      | Killed a two-headed ogre
 12044 | D:8      | Learned a level 4 spell: Flame Wave
 12253 | D:10     | Entered Level 10 of the Dungeon
 12276 | D:10     | Noticed a two-headed ogre
 12287 | D:10     | Killed a two-headed ogre
 12704 | D:10     | Found a bloodstained altar of Trog.
 12748 | D:10     | Found Pucirelo's Lightly-Used Armoury.
 12764 | D:10     | Noticed Sonja
 12772 | D:10     | Killed Sonja
 12969 | D:10     | Noticed a centaur warrior
 12979 | D:10     | Killed a centaur warrior
 12980 | D:10     | Reached skill level 5 in Conjurations
 13163 | D:10     | Noticed Urug
 13177 | D:10     | Killed Urug
 13478 | D:10     | Learned a level 4 spell: Sticky Flame
 13512 | D:11     | Found Soudd's General Store.
 13515 | D:11     | Bought a potion of lignification for 36 gold pieces
 13515 | D:11     | Bought a scroll of blinking for 90 gold pieces
 13515 | D:11     | Bought a wand of mindburst (4) for 67 gold pieces
 13515 | D:11     | Bought a potion of magic for 96 gold pieces
 13515 | D:11     | Bought a potion of attraction for 36 gold pieces
 13515 | D:11     | Bought a scroll of immolation for 48 gold pieces
 13568 | D:11     | Noticed a two-headed ogre
 13577 | D:11     | Killed a two-headed ogre
 13584 | D:11     | Found Kixuzxuy's Assorted Antiques.
 13589 | D:11     | Bought a scroll of blinking for 180 gold pieces
 13589 | D:11     | Bought a potion of heal wounds for 120 gold pieces
 13589 | D:11     | Bought a scroll of fog for 96 gold pieces
 13589 | D:11     | Bought a scroll of identify for 48 gold pieces
 13686 | D:11     | Reached skill level 5 in Spellcasting
 13979 | D:11     | Found a gate leading to a gauntlet.
 13985 | Gauntlet | Entered a Gauntlet
 13985 | Gauntlet | Found a large runed translucent door.
 13985 | Gauntlet | Found a large runed translucent door.
 13985 | Gauntlet | Found a large runed translucent door.
 13985 | Gauntlet | Found a large runed translucent door.
 13985 | Gauntlet | Found a large runed translucent door.
 13985 | Gauntlet | Found a large runed translucent door.
 13985 | Gauntlet | Found a runed translucent door.
 13985 | Gauntlet | Found a transporter.
 13985 | Gauntlet | Found a transporter.
 13985 | Gauntlet | Found a runed translucent door.
 13985 | Gauntlet | Found a large runed translucent door.
 13985 | Gauntlet | Found a large runed translucent door.
 13985 | Gauntlet | Found a large runed translucent door.
 13985 | Gauntlet | Found a large runed translucent door.
 13985 | Gauntlet | Found a large runed translucent door.
 13985 | Gauntlet | Found a large runed translucent door.
 13989 | Gauntlet | Found a transporter.
 13989 | Gauntlet | Found a transporter.
 14000 | Gauntlet | Found a transporter.
 14007 | Gauntlet | Found a transporter.
 14014 | Gauntlet | Noticed a great orb of eyes
 14014 | Gauntlet | Noticed a red ugly thing
 14014 | Gauntlet | Noticed a purple ugly thing
 14016 | Gauntlet | Noticed a brown ugly thing
 14016 | Gauntlet | Noticed a great orb of eyes
 14017 | Gauntlet | Found a transporter.
 14017 | Gauntlet | Found a transporter.
 14018 | Gauntlet | Noticed a green ugly thing
 14021 | Gauntlet | Found a transporter.
 14048 | Gauntlet | Found a transporter.
 14055 | Gauntlet | Found a transporter.
 14068 | Gauntlet | Found a large runed translucent door.
 14069 | Gauntlet | Found a large runed translucent door.
 14071 | Gauntlet | Found a runed translucent gate.
 14072 | Gauntlet | Found a runed translucent gate.
 14072 | Gauntlet | Noticed an oklob plant
 14073 | Gauntlet | Found a transporter.
 14073 | Gauntlet | Found a runed translucent gate.
 14091 | Gauntlet | Found a large runed translucent door.
 14092 | Gauntlet | Found a large runed translucent door.
 14118 | Gauntlet | Found a transporter.
 14132 | Gauntlet | Found a transporter.
 14235 | Gauntlet | Found a transporter.
 14256 | Gauntlet | Found a transporter.
 14262 | Gauntlet | Noticed a soul eater
 14356 | Gauntlet | Reached *** piety under Dithmenos
 14378 | Gauntlet | Killed an oklob plant
 14380 | Gauntlet | Identified the +1 helmet of Dohyaluwk {rN+ Dex+4}
 14629 | Gauntlet | Killed a purple ugly thing
 14630 | Gauntlet | Gained mutation: You sometimes emit foul miasma when
                  | damaged in melee. [demonic ancestry]
 14630 | Gauntlet | Reached XP level 12. HP: 62/86 MP: 21/21
 14646 | Gauntlet | Killed a great orb of eyes
 14661 | Gauntlet | Identified the +5 pair of gloves "Ivyx" {Stlth+}
 14848 | Gauntlet | Identified the +12 falchion of Qoacudim {holy, rPois rF-
                  | Str+3 SInv}
 14848 | Gauntlet | Noticed a minotaur
 14859 | Gauntlet | Slain by a minotaur

Illustrated notes

Levels and vault maps discovered:
D:1:      minmay_arrival_plants_in_alcoves, layout_loops_ring
D:2:      layout_rooms, shapermc_ecumenical_altar_venn, minmay_door_square,
          minmay_misc_feat_ornament, grunt_decor_fettered,
          palyth_stone_intersect, amcnicky_mini_rare_corridor_liquid,
          st_stairs_5
D:3:      layout_rooms, mainiacjoe_overflow_small_starburst, minmay_bisected,
          uniq_terence
D:4:      layout_basic, mainiacjoe_overflow_cross_hatched,
          ebering_ghost_rock_garden, minmay_misc_feat_pillars
D:5:      layout_basic, nicolae_tso_besieged_by_evil,
          mainiacjoe_overflow_boulevard, gammafunk_ghost_hive,
          gup_sewer_entry_glass, minmay_fractal_squares_diagonal_5, uniq_edmund,
          uniq_ijyb
D:6:      layout_rooms, mainiacjoe_overflow_surrounded_room,
          minmay_misc_feat_secret_circle, minivault_23
D:7:      layout_rooms, ashenzari_conservatory_becter,
          mainiacjoe_overflow_concentric_impassable, minmay_temple_entry_mist,
          serial_shops, nicolae_square_shop
D:8:      layout_loops_ring, minmay_increasing_density, uniq_pikel,
          uniq_gastronok
D:9:      layout_basic, nemelex_altar_shiori, lair_entry_dummy, orc_0_dummy
D:10:     layout_stronghold, lemuel_tele_altar, serial_glass, glass_columns_a,
          glass_columns_a, glass_columns_a, glass_columns_c,
          minmay_shop_damaged, uniq_urug, uniq_sonja
D:11:     layout_roguey, serial_shops, kennysheep_little_box, special_room
          [special_room_orc], gauntlet_entry_generic, nicolae_stop_n_shop_2
Gauntlet: gammafunk_gauntlet_branching [nicolae_gauntlet_arena_blocks,
          minmay_gauntlet_arena_make_your_own_arena,
          gammafunk_gauntlet_arena_chambers,
          gammafunk_gauntlet_arena_split_diamond, nicolae_gauntlet_arena_x,
          nicolae_gauntlet_arena_flowing_pool, nicolae_gauntlet_arena_t_cross,
          nicolae_gauntlet_swirl, gauntlet_exit_watery]

Skill      XL: |  1  2  3  4  5  6  7  8  9 10 11 |
---------------+----------------------------------+-----
Fighting       | 1 5 |  5.4
Stealth        | 2 3 4 6 9 10 | 10.1
Dodging        | 2 |  2.0
Fire Magic     | 3 6 8 |  8.5
Conjurations   | 2 3 6 |  6.0
Spellcasting   | 3 6 |  6.0
Unarmed Combat | 1 3 5 |  5.0
Invocations    | 5 6 |  6.0
Evocations     | 4 5 |  5.8
Maces & Flails | 3 5 |  5.0

Action                     |  1- 3 |  4- 6 |  7- 9 | 10-12 || total
---------------------------+-------+-------+-------+-------++-------
  Melee: Unarmed           |       |    69 |   230 |       ||   299
         Touch             |       |    17 |    51 |    28 ||    96
         Punch             |       |       |    11 |     4 ||    15
         Mace              |       |       |    33 |   163 ||   196
   Cast: Foxfire           |    95 |   106 |    93 |   102 ||   396
         Scorch            |       |    11 |    14 |    53 ||    78
         Inner Flame       |       |       |       |     4 ||     4
         Flame Wave        |       |       |       |     3 ||     3
         Sticky Flame      |       |       |       |     1 ||     1
  Evoke: Wand              |       |       |    18 |    32 ||    50
    Use: Scroll            |       |       |    10 |    15 ||    25
         Potion            |       |       |       |     5 ||     5
   Stab: Sleeping          |       |     1 |     6 |     5 ||    12
         Distracted        |       |       |       |     1 ||     1
 Armour: Robe              |     3 |    20 |   122 |   112 ||   257
  Dodge: Dodged            |    10 |    48 |   226 |   184 ||   468

Table legend: (Time is in decaauts)
 A = Elapsed time spent in this place.
 B = Non-inter-level travel time spent in this place.
 C = Inter-level travel time spent in this place.
 D = Time resting spent in this place.
 E = Time spent auto-exploring this place.
 F = Levels seen in this place.
 G = Mean time per level.
                   A        B        C        D        E       F      G
               +--------+--------+--------+--------+--------+-----+--------+
         Total |  14901 |  14452 |    449 |   2060 |   9664 |  13 | 1146.2 |
       Dungeon |  13631 |  13182 |    449 |   1807 |   9038 |  11 | 1239.2 |
         Sewer |    393 |    393 |      0 |      0 |    248 |   1 |  393.0 |
      Gauntlet |    876 |    876 |      0 |    253 |    377 |   1 |  876.0 |
               +--------+--------+--------+--------+--------+-----+--------+

Top non-repeatable levels by time:
     D:8: 2205 daAuts
     D:4: 1404 daAuts
     D:6: 1353 daAuts
     D:2: 1328 daAuts
     D:3: 1276 daAuts
    D:10: 1265 daAuts
     D:5: 1162 daAuts
     D:9: 1147 daAuts
     D:7: 1121 daAuts
     D:1: 891 daAuts
Gauntlet: 876 daAuts
    D:11: 475 daAuts
   Sewer: 393 daAuts
